 Dungeon Crawl Stone Soup version 0.25.0-26-g0c896c7088 (webtiles) character file.

Game seed: 13498403198535066627

123 MisterFreud the Chiller (level 4, -1/35 HPs)
             Began as a Demonspawn Ice Elementalist on July 5, 2020.
             Killed from afar by Sigmund (10 damage)
             ... with a puff of flame
             ... on level 3 of the Dungeon.
             The game lasted 00:06:42 (3472 turns).

MisterFreud the Chiller (DsIE)                      Turns: 3472, Time: 00:06:43

Health: -1/35      AC:  2    Str:  8    XL:     4   Next: 80%
Magic:  5/7        EV: 12    Int: 17    God:
Gold:   126        SH:  0    Dex: 14    Spells: 4/8 levels left

rFire    . . .     SeeInvis .   e - +0 dagger
rCold    . . .     Gourm    .   i - +0 buckler
rNeg     . . .     Faith    .   a - +0 robe
rPois    .         Spirit   .   (helmet restricted)
rElec    .         Reflect  .   (no cloak)
rCorr    .         Harm     .   (no gloves)
MR       .....                  (no boots)
Stlth    +.........             (no amulet)
HPRegen  0.11/turn              (no ring)
MPRegen  0.10/turn              (no ring)

@: confused
A: horns 1
a: no special abilities


You were on level 3 of the Dungeon.
You were not hungry.

You visited 1 branch of the dungeon, and saw 3 of its levels.

You collected 126 gold pieces.

Inventory:

Hand Weapons
 e - a +0 dagger (weapon)
Missiles
 m - 7 datura-tipped darts (quivered)
 r - 19 poisoned darts
Armour
 a - a +0 robe (worn)
 i - a +0 buckler (worn)
 j - a +0 chain mail
Wands
 o - a wand of paralysis (8)
Scrolls
 b - 3 scrolls of identify {unknown}
 d - 2 scrolls of fear {unknown}
 h - a scroll of blinking {unknown}
 k - a scroll of remove curse {unknown}
 l - a scroll of teleportation {unknown}
 n - a scroll of random uselessness {unknown}
 t - a scroll of magic mapping {unknown}
Potions
 f - 2 potions of might {unknown}
 g - 2 potions of cancellation {unknown}
 p - a potion of curing {unknown}
 s - a potion of ambrosia {unknown}
Comestibles
 c - 6 rations
 q - 2 chunks of flesh


   Skills:
 - Level 3.0 Fighting
 - Level 1.7 Dodging
 - Level 1.7 Stealth
 + Level 1.4 Shields
 + Level 2.6 Spellcasting
 + Level 4.0 Ice Magic


You had 4 spell levels left.
You knew the following spells:

 Your Spells              Type           Power        Failure   Level  Hunger
a - Freeze                Ice            ###.         4%          1    #......
b - Frozen Ramparts       Ice            ###...       14%         3    ###....

Your spell library contained the following spells:

 Spells                   Type           Power        Failure   Level  Hunger
 Ozocubu's Armour         Chrm/Ice       #.......     32%         3    ###....
 Hailstorm                Conj/Ice       #.......     71%         4    #####..
 Summon Ice Beast         Ice/Summ       #.......     71%         4    #####..


Dungeon Overview and Level Annotations

Branches:
Dungeon (3/15)

Altars:
Sif Muna
Trog
Wu Jian

Annotations:
D:3 Sigmund


Innate Abilities, Weirdness & Mutations

You have a pair of small horns on your head.


Message History

Sigmund is heavily wounded.
Casting: Frozen Ramparts (quite dangerous; 14% risk of failure)
Confirm with . or Enter, or press ? or * to list all spells.
The spell is quite dangerous to cast (14% risk of failure)!
Continue anyway?
The walls around you are covered in ice.
The wall freezes Sigmund.
Sigmund gestures at you while chanting. The puff of flame hits you!
The wall freezes Sigmund.
Sigmund misses you.
The frozen ramparts melt away.
Sigmund gestures at you while chanting. The magic dart hits you!
* * * LOW HITPOINT WARNING * * *
Found a plate armour.
Found a stone staircase leading down.
Found 13 gold pieces.
Sigmund casts a spell at you.
You are confused.
Sigmund casts a spell at you. The puff of flame hits you!
You die...

+......... ...#
#......... ... ...#
#####..... $....
...##.##........
#......
...[............
...#......
>...............
#...#.....####...#
...........
#.......#........#
...........
............@.#
...........
###............#
.##.#....##
#.........#....###
#......#
#................#
.###.#...#
#................##.#
#.....#
#...#.................
#.....@###..........#
#......# #..........#
#......####..........


You could see Sigmund.

Vanquished Creatures
  4 adders
  An ooze (D:3)
  5 worms
  2 leopard geckos
  4 orcs (D:3)
  8 bats
  8 giant cockroaches
  7 goblins
  4 hobgoblins
  6 kobolds
  A ball python (D:1)
  7 frilled lizards
  10 rats
67 creatures vanquished.

Notes
Turn   | Place    | Note
-------+----------+-------------------------------------------
     0 | D:1      | MisterFreud the Demonspawn Ice Elementalist began the quest
                  | for the Orb.
     0 | D:1      | Reached XP level 1. HP: 13/13 MP: 3/3
    95 | D:1      | Reached skill level 1 in Fighting
   203 | D:1      | Gained mutation: You have a pair of small horns on your
                  | head. [demonic ancestry]
   203 | D:1      | Reached XP level 2. HP: 22/22 MP: 3/5
  1074 | D:2      | Reached XP level 3. HP: 28/28 MP: 3/6
  1279 | D:2      | Found a faded altar of an unknown god.
  1507 | D:2      | Noticed a moth of wrath
  1510 | D:2      | Found a bloodstained altar of Trog.
  1586 | D:2      | Learned a level 3 spell: Frozen Ramparts
  1880 | D:2      | Reached XP level 4. HP: 29/35 MP: 3/7
  2049 | D:2      | Found an ornate altar of the Wu Jian Council.
  2698 | D:2      | Reached skill level 1 in Shields
  2937 | D:3      | Reached skill level 4 in Ice Magic
  3308 | D:3      | Found a shimmering blue altar of Sif Muna.
  3425 | D:3      | Noticed Sigmund
  3472 | D:3      | Killed from afar by Sigmund

Illustrated notes

Levels and vault maps discovered:
D:1:      psy_arrival_fountain, layout_loops_ring, st_stairs_11,
          serial_park_tiny_1
D:2:      layout_loops_corners, lemuel_doored_altar, tgw_trog, first_ration,
          chequers_ecumenical_altar_simple, minmay_worlds_worst_comb
D:3:      layout_basic, overflow_temple_1_default, uniq_sigmund

Skill      XL: |  1  2  3  4 |
---------------+-------------+-----
Fighting       | 1 2 3 |  3.0
Shields        | 1 |  1.4
Ice Magic      | 4 |  4.0
Dodging        | |  1.7
Stealth        | |  1.7
Spellcasting   | |  2.6

Action                   |  1- 3 |  4- 6 || total
-------------------------+-------+-------++-------
Melee: Dagger            |    30 |    39 ||    69
       Headbutt          |     2 |     7 ||     9
 Cast: Freeze            |    60 |    10 ||    70
       Frozen Ramparts   |     2 |     8 ||    10
 Stab: Sleeping          |     5 |     6 ||    11
       Distracted        |     1 |       ||     1
  Eat: Chunk             |     4 |     6 ||    10
Armor: Robe              |    18 |     2 ||    20
Dodge: Dodged            |    49 |    17 ||    66
Block: Buckler           |     4 |    17 ||    21
